 Dungeon Crawl Stone Soup version 0.29-a0-338-g1ff7896281 (webtiles) character file.

Game seed: 8586344829119060518

4 brightshaft the Vexing (level 1, 0/9 HPs)
             Began as a Spriggan Arcane Marksman on Apr 17, 2022.
             Slain by a bat (1 damage)
             ... on level 1 of the Dungeon.
             The game lasted 00:01:22 (134 turns).

brightshaft the Vexing (Spriggan Arcane Marksman)    Turns: 134, Time: 00:01:23

Health: 0/9        AC:  2    Str:  6    XL:     1   Next: 50%
Magic:  3/3        EV: 17    Int: 14    God:
Gold:   15         SH:  0    Dex: 15    Spells: 1/2 levels left

rFire   . . .      SeeInvis +   a - +0 hunting sling
rCold   . . .      Faith    .   (no shield)
rNeg    . . .      Spirit   .   b - +0 robe
rPois   .          Reflect  .   (helmet restricted)
rElec   .          Harm     .   (no cloak)
rCorr   .          Rampage  .   (gloves unavailable)
Will    .....                   (boots unavailable)
Stlth   +.........              (no amulet)
HPRegen 0.03/turn               (no ring)
MPRegen 0.08/turn               (no ring)

@: very quick
A: very small, no large weapons, unfitting armour, see invisible, speed 3
a: no special abilities


You were on level 1 of the Dungeon.
You visited 1 branch of the dungeon, and saw 1 of its levels.

You collected 15 gold pieces.

Inventory:

Hand Weapons
 a - a +0 hunting sling (weapon)
Armour
 b - a +0 robe (worn)
Scrolls
 c - a scroll of vulnerability
 e - a scroll of teleportation {unknown}
Potions
 d - a potion of flight {unknown}


   Skills:
 - Level 0.7 Fighting
 + Level 2.9 Slings
 - Level 2.6 Dodging
 - Level 1.3 Spellcasting
 - Level 3.6 Hexes


You had one spell level left.
You knew the following spells:

 Your Spells              Type           Power      Damage    Failure   Level
a - Slow                  Hex            44%        N/A       6%          1

Your spell library contained the following spells:

 Spells                   Type           Power      Damage    Failure   Level
 Inner Flame              Hex/Fire       6%         N/A       36%         3
 Portal Projectile        Hex/Tloc       12%        N/A       36%         3
 Cause Fear               Hex            5%         N/A       50%         4


Dungeon Overview and Level Annotations

Branches:
Dungeon (1/15)

Altars:


Innate Abilities, Weirdness & Mutations

You are very small and have problems with some larger weapons.
You are too small for most types of armour.
You have supernaturally acute eyesight. (SInv)
You cover ground extremely quickly. (Speed+++)


Message History

The hobgoblin seems to slow down.
A kobold comes into view. It is wielding a +0 short sword.
Fire: a) +0 hunting sling
Press: ? - help, Shift-Dir - straight line, f/p - hobgoblin
Aim: a hobgoblin (moderately wounded, slow, 56% to hit)
You shoot a sling bullet.
The sling bullet barely misses the hobgoblin.
The kobold throws a stone.
The stone misses you.
The kobold throws a stone.
The stone barely misses you.
Found a spear.
A ball python comes into view.
Found 2 throwing nets.
Fire: a) +0 hunting sling
Press: ? - help, Shift-Dir - straight line, f - giant cockroach
Aim: a giant cockroach (56% to hit)
You shoot a sling bullet.
The sling bullet closely misses the giant cockroach.
The ball python hisses angrily.
Fire: a) +0 hunting sling
Press: ? - help, Shift-Dir - straight line, f/p - giant cockroach
Aim: a giant cockroach (56% to hit)
You shoot a sling bullet.
The sling bullet hits the giant cockroach but does no damage.
Found a scroll labelled SIN UTHRUHAY.
Found a stone staircase leading down.
A giant cockroach comes into view.
Found a stone staircase leading down.
A bat comes into view.
The bat closely misses you. The bat hits you. The bat hits you.
* * * LOW HITPOINT WARNING * * *
The bat completely misses you.
Found 13 gold pieces.
The bat closely misses you. The bat closely misses you.
The bat hits you but does no damage. The bat hits you.
* * * LOW HITPOINT WARNING * * *
The bat attacks as you move away! The bat closely misses you. x2
The bat attacks as you move away! The bat misses you. The bat hits you.
You die...

......##.....####...###
P.................##..#
P.....................#
.....###.S.....####..# .....#
#...B.....)..######### .....#
#..........##†.......#
.....##....####.#...........#
..........## #b####........#
........#######.@.......>...#
.....#g.#.....#...†.#########
....)...#.....#.....#
........+..<..'...#####
.#.#....#.....#.......#
(.......#.....##......#
........########......#
.........K..K.##......#
##.......##...g.......#


You could see a bat.

Vanquished Creatures
  An endoplasm (D:1)
  A quokka (D:1)
  A ball python (D:1)
  A rat (D:1)
4 creatures vanquished.

Notes
Turn   | Place    | Note
-------+----------+-------------------------------------------
     0 | D:1      | brightshaft the Spriggan Arcane Marksman began the quest
                  | for the Orb.
     0 | D:1      | Reached XP level 1. HP: 9/9 MP: 3/3
   134 | D:1      | Slain by a bat

Illustrated notes

Levels and vault maps discovered:
D:1:      minmay_arrival_checkered_box, layout_rooms, serial_bayou,
          serial_bayou_shore_a, serial_bayou_shore_b, serial_bayou_pond_c,
          serial_bayou_shore_b, chequers_ecumenical_altar_island,
          due_unseen_surprise

Action                   || total
-------------------------++-------
 Fire: Hunting sling     ||    28
 Cast: Slow              ||     4
Armor: Robe              ||     1
Dodge: Dodged            ||    26

Table legend: (Time is in decaauts)
 A = Elapsed time spent in this place.
 B = Non-inter-level travel time spent in this place.
 C = Inter-level travel time spent in this place.
 D = Time resting spent in this place.
 E = Time spent auto-exploring this place.
 F = Levels seen in this place.
 G = Mean time per level.
                   A        B        C        D        E       F      G
               +--------+--------+--------+--------+--------+-----+--------+
         Total |    118 |    118 |      0 |      0 |     38 |   1 |  118.0 |
       Dungeon |    118 |    118 |      0 |      0 |     38 |   1 |  118.0 |
               +--------+--------+--------+--------+--------+-----+--------+

Top non-repeatable levels by time:
     D:1: 118 daAuts
